Panthers vs Avalanche

Created - 15 janvier 2024 at 19:32

Goals
1 2 3 OT1 T
Panthers 0 1 2 1 4
Avalanche 2 0 1 0 3
Shots
1 2 3 OT1 T
Panthers 8 14 16 2 40
Avalanche 18 8 5 0 31

GoalsPenalties
1st period
1. Avalanche , Nicolas Roy 9 (Ilya Mikheyev 17, Nino Niederreiter 18) at 2:22
2. Avalanche , Ivan Barbashev 12 (Jake Sanderson 3, Andrew Copp 15) at 19:17
Garnet Hathaway (FLA) for Hooking (Minor) at 2:40
2nd period
3. Panthers , Marcus Foligno 12 (Tyson Barrie 13, Ross Colton 9) at 16:03
No Penalty
3rd period
4. Avalanche , Gustav Forsling 4 (Brayden Point 17, Adam Henrique 25) at 9:10 (PP)
5. Panthers , Vincent Trocheck 16 (Taylor Hall 17) at 11:33 (PP)
6. Panthers , Taylor Hall 17 (Teuvo Teravainen 23, Vincent Trocheck 25) at 14:59
Jamie Oleksiak (FLA) for Holding (Minor) at 8:55
Nicolas Roy (COL) for Delaying the game (Minor) at 11:19
Overtime #1
7. Panthers , Joshua Norris 19 (Vincent Trocheck 26) at 1:29
No Penalty
Goalie Stats
Antti Raanta (FLA), 28 saves from 31 shots - (0,903), W, 17-7-2, 61:29 minutes
Thatcher Demko (COL), 36 saves from 40 shots - (0,900), OTL, 7-4-2, 61:29 minutes
3 StarsOfficial
1 - Vincent Trocheck (FLA)
2 - Taylor Hall (FLA)
3 - Ivan Barbashev (COL)
Referees : Michael Markovic and Francis Charron
Linesman : Neil Campbell and Dennis Urban
Game Note
No Game Note
Finance
Level 1 -- Attendance: 5662 (94,37%) -- Ticket Income $566,200
Level 2 -- Attendance: 4091 (81,82%) -- Ticket Income $286,370
Level 3 -- Attendance: 1373 (68,65%) -- Ticket Income $64,531
Level 4 -- Attendance: 2538 (63,45%) -- Ticket Income $88,830
Luxury Box -- Attendance: 1000 (100,00%) -- Ticket Income $160,000
Game was played at the Pepsi Center.
Total Attendance: 14664 (81,47%)
Total Ticket Income: $1,165,931
Other Income: $571,306
Total Income: $1,737,237



Team Name Goals Shots Shots Attemp Shots Blocked PIM HIT PP PK FO%
Panthers 4406594271 / 1 (100%)153%
Avalanche 3316282241 / 2 (50%)147%

Panthers
Player Name POS G A P +/- PIM HIT SHT SB MP PP MP PP SHT PK MP PK SHT FO% FOT GA TA
Andrew PeekeD0001023022:010:0700:4200% 000
Anthony CirelliC/LW/RW0000013017:320:1401:0200% 210
Garnet HathawayC/LW/RW0000232015:480:0000:0000% 000
J.J. MoserD000-1010118:380:0000:1500% 000
Jamie OleksiakD0000211320:000:0701:1700% 002
Jonas SiegenthalerD000-1020218:230:0000:0000% 001
Joshua NorrisC1011013117:240:0001:12025% 820
Kevin LabancLW/RW0000002010:050:0000:0000% 021
Marcus FolignoLW1010023016:130:0000:0000% 100
Michael MathesonD0002005023:300:0701:3200% 020
Mike HoffmanC/RW0000040015:340:0000:0000% 110
Patrick BrownC/RW000003109:290:0000:00050% 400
Rocco GrimaldiC/LW/RW000001009:480:0000:0000% 000
Ross ColtonC/LW/RW0110021015:450:0000:00045% 1101
Taylor HallC/LW1120006017:130:1420:0000% 000
Teuvo TeravainenC/LW/RW0110016017:260:0001:1200% 011
Tyson BarrieD0110012118:560:0700:4200% 000
Vincent TrocheckC/LW/RW1231022118:260:1411:02080% 2010
Avalanche
Player Name POS G A P +/- PIM HIT SHT SB MP PP MP PP SHT PK MP PK SHT FO% FOT GA TA
Adam HenriqueC/LW/RW011-1002119:271:1300:00039% 2320
Andrew CoppC/LW0111015017:150:1600:14073% 1100
Brayden PointC/LW/RW011-2012020:241:1300:00033% 301
Gustav ForslingD1011021123:481:1910:1400% 003
Gustav NyquistLW/RW000000018:290:1600:0000% 000
Ilya MikheyevLW/RW0110011015:500:4500:0000% 010
Ivan BarbashevC/LW1011038116:350:0000:0000% 000
Jake SandersonD0111040120:521:1900:0000% 000
Josh AndersonLW/RW000-1041019:290:4500:0000% 011
Juuso ParssinenC000000007:250:0000:0000% 110
Mathieu JosephC/LW/RW000000007:440:1600:0000% 000
Matt RoyD0001030016:440:0000:0000% 000
Nicolas RoyC/RW1010226016:160:4510:00050% 801
Nino NiederreiterLW/RW0110012216:201:1300:0000% 100
Ryan McDonaghD000-3011122:250:0000:1400% 013
Samuel GirardD0001001017:390:5500:0000% 000
Sean DurziD000-2000020:010:5500:0000% 001
Zach PariseLW/RW0000011017:290:0000:1400% 000

Panthers

5 vs 5 Forward
Line #Left WingCenterRight WingPHYDFOFWanted %Time %Time Play
1Taylor HallVincent TrocheckTeuvo Teravainen0233029%16:40
2Anthony CirelliJoshua NorrisMike Hoffman0233027%15:38
3Marcus FolignoRoss ColtonGarnet Hathaway0233027%15:45
4Kevin LabancPatrick BrownRocco Grimaldi0231016%9:29
5 vs 5 Defense
Line #DefenseDefensePHYDFOFWanted %Time %Time Play
1Michael MathesonAndrew Peeke0233232%18:14
2Jamie OleksiakTyson Barrie0233231%18:07
3J.J. MoserJonas Siegenthaler0233132%18:23
4Michael MathesonAndrew Peeke03255%2:48
Power Play Forward
Line #Left WingCenterRight WingPHYDFOFWanted %Time %Time Play
1Taylor HallVincent TrocheckAnthony Cirelli02350100%0:14
2Teuvo TeravainenJoshua NorrisMike Hoffman023500%0:00
Power Play Defense
Line #DefenseDefensePHYDFOFWanted %Time %Time Play
1Michael MathesonJamie Oleksiak0235050%0:07
2Tyson BarrieAndrew Peeke0235050%0:07
Penalty Kill 4 Players Forward
Line #CenterWingPHYDFOFWanted %Time %Time Play
1Vincent TrocheckAnthony Cirelli0235046%1:02
2Joshua NorrisTeuvo Teravainen0235054%1:12
Penalty Kill 4 Players Defense
Line #DefenseDefensePHYDFOFWanted %Time %Time Play
1Michael MathesonJamie Oleksiak0325069%1:32
2Tyson BarrieAndrew Peeke0325031%0:42
Penalty Kill 3 Players
Line #WingPHYDFOFWanted %Time %Time PlayDefenseDefensePHYDFOFWanted %Time %Time Play
1Vincent Trocheck023500%0:00 Michael MathesonJamie Oleksiak032500%0:00
2Anthony Cirelli023500%0:00 Tyson BarrieAndrew Peeke032500%0:00
4 vs 4 Forward
Line #CenterWingPHYDFOFWanted %Time %Time Play
1Vincent TrocheckTaylor Hall023500%0:00
2Joshua NorrisAnthony Cirelli023500%0:00
4 vs 4 Defense
Line #DefensePHYDFOFWanted %Time %Time Play
1Michael MathesonJamie Oleksiak023500%0:00
2Tyson BarrieAndrew Peeke032500%0:00
Last Minutes Offensive
Left WingCenterRight WingDefenseDefense
Taylor HallVincent TrocheckAnthony CirelliMichael MathesonJamie Oleksiak
Last Minutes Defensive
Left WingCenterRight WingDefenseDefense
Taylor HallJoshua NorrisTeuvo TeravainenMichael MathesonJamie Oleksiak
Time
Total ForwardTotal DefenseLast Minutes OffensiveLast Minutes Defensive
60:00 60:00 0:000:00
Extra Forwards
Normal PowerPlayPenalty Kill
Marcus Foligno, Kevin Labanc, Rocco GrimaldiPatrick Brown, Ross ColtonGarnet Hathaway
Extra Defensemen
Normal PowerPlayPenalty Kill
Jamie Oleksiak, Jonas Siegenthaler, Tyson BarrieJonas Siegenthaler, J.J. MoserJonas Siegenthaler
Penalty Shots
Ross Colton, Kevin Labanc, Teuvo Teravainen, Anthony Cirelli, Rocco Grimaldi
Goalie
Antti Raanta, Kevin Lankinen
Custom OT Lines Forwards
Vincent Trocheck, Joshua Norris, Taylor Hall, Anthony Cirelli, Teuvo Teravainen, Marcus Foligno, Mike Hoffman, Patrick Brown, Kevin Labanc, Rocco Grimaldi
Custom OT Lines Defensemen
Michael Matheson, Jamie Oleksiak, Tyson Barrie, J.J. Moser, Andrew Peeke
Scratches
Josh Archibald (Healthy), Ville Husso (Healthy)

Avalanche

5 vs 5 Forward
Line #Left WingCenterRight WingPHYDFOFWanted %Time %Time Play
1Brayden PointAdam HenriqueJosh Anderson0233432%18:39
2Ivan BarbashevAndrew CoppZach Parise0143229%16:48
3Nino NiederreiterNicolas RoyIlya Mikheyev0142925%14:40
4Mathieu JosephJuuso ParssinenGustav Nyquist131513%7:25
5 vs 5 Defense
Line #DefenseDefensePHYDFOFWanted %Time %Time Play
1Ryan McDonaghSean Durzi0323435%19:57
2Jake SandersonGustav Forsling0323233%18:42
3Samuel GirardMatt Roy0322929%16:44
4Ryan McDonaghGustav Forsling03254%2:09
Power Play Forward
Line #Left WingCenterRight WingPHYDFOFWanted %Time %Time Play
1Brayden PointAdam HenriqueNino Niederreiter0145254%1:13
2Josh AndersonNicolas RoyIlya Mikheyev0144846%1:01
Power Play Defense
Line #DefenseDefensePHYDFOFWanted %Time %Time Play
1Gustav ForslingJake Sanderson0235259%1:19
2Sean DurziSamuel Girard0234841%0:55
Penalty Kill 4 Players Forward
Line #CenterWingPHYDFOFWanted %Time %Time Play
1Andrew CoppZach Parise04155100%0:14
2Nicolas RoyJosh Anderson041450%0:00
Penalty Kill 4 Players Defense
Line #DefenseDefensePHYDFOFWanted %Time %Time Play
1Ryan McDonaghGustav Forsling04155100%0:14
2Jake SandersonSamuel Girard041450%0:00
Penalty Kill 3 Players
Line #WingPHYDFOFWanted %Time %Time PlayDefenseDefensePHYDFOFWanted %Time %Time Play
1Andrew Copp050550%0:00 Ryan McDonaghGustav Forsling050550%0:00
2Nicolas Roy050450%0:00 Jake SandersonSamuel Girard050450%0:00
4 vs 4 Forward
Line #CenterWingPHYDFOFWanted %Time %Time Play
1Brayden PointJosh Anderson023600%0:00
2Adam HenriqueNino Niederreiter023400%0:00
4 vs 4 Defense
Line #DefensePHYDFOFWanted %Time %Time Play
1Ryan McDonaghGustav Forsling032600%0:00
2Jake SandersonSamuel Girard131400%0:00
Last Minutes Offensive
Left WingCenterRight WingDefenseDefense
Brayden PointAdam HenriqueNino NiederreiterRyan McDonaghGustav Forsling
Last Minutes Defensive
Left WingCenterRight WingDefenseDefense
Mathieu JosephAndrew CoppZach PariseRyan McDonaghGustav Forsling
Time
Total ForwardTotal DefenseLast Minutes OffensiveLast Minutes Defensive
60:00 60:00 0:000:00
Extra Forwards
Normal PowerPlayPenalty Kill
Nicolas Roy, Andrew Copp, Ivan BarbashevNicolas Roy, Andrew CoppNicolas Roy
Extra Defensemen
Normal PowerPlayPenalty Kill
Samuel Girard, Sean Durzi, Matt RoySamuel Girard, Samuel GirardSean Durzi
Penalty Shots
Gustav Nyquist, Matt Roy, Mathieu Joseph, Zach Parise, Brayden Point
Goalie
Thatcher Demko, Vitek Vanecek
Custom OT Lines Forwards
Brayden Point, Zach Parise, Josh Anderson, Nino Niederreiter, Nicolas Roy, Andrew Copp, Ivan Barbashev, Gustav Nyquist, Ilya Mikheyev, Mathieu Joseph
Custom OT Lines Defensemen
Ryan McDonagh, Gustav Forsling, Jake Sanderson, Samuel Girard, Sean Durzi
Scratches
Mason Appleton (Healthy), Erik Gustafsson (Healthy)


Play-by-Play

1st period


0:01 of 1st period - Vincent Trocheck wins face-off versus Adam Henrique in neutral zone.
1:19 of 1st period - Wrist shot by Ilya Mikheyev.
1:19 of 1st period - Shot Misses the Net.
2:02 of 1st period - Wrist shot by Andrew Copp.
2:02 of 1st period - Stopped by Antti Raanta with a rebound.
2:20 of 1st period - Backhand shot by Nicolas Roy.
2:20 of 1st period - Stopped by Antti Raanta with a rebound.
2:22 of 1st period - Slapshot by Nicolas Roy.
2:22 of 1st period - Goal by Nicolas Roy - Panthers : 0 - Avalanche : 1.
2:23 of 1st period - Nicolas Roy wins face-off versus Ross Colton in neutral zone.
2:38 of 1st period - Snap shot by Ilya Mikheyev.
2:38 of 1st period - Shot Blocked by Jonas Siegenthaler.
2:40 of 1st period - Minor Penalty to Garnet Hathaway for Hooking.
2:41 of 1st period - Vincent Trocheck wins face-off versus Adam Henrique in Panthers zone.
3:31 of 1st period - Wrist shot by Nicolas Roy.
3:31 of 1st period - Stopped by Antti Raanta with a rebound.
4:33 of 1st period - Slapshot by Gustav Nyquist.
4:33 of 1st period - Shot Misses the Net.
4:35 of 1st period - Snap shot by Andrew Copp.
4:35 of 1st period - Shot Misses the Net.
4:37 of 1st period - Snap shot by Gustav Forsling.
4:37 of 1st period - Shot Hit the Post.
4:39 of 1st period - Wrist shot by Samuel Girard.
4:39 of 1st period - Shot Blocked by Jamie Oleksiak.
4:40 of 1st period - Penalty to Garnet Hathaway is over, Garnet Hathaway is back on ice.
5:11 of 1st period - Slapshot by Rocco Grimaldi.
5:11 of 1st period - Shot Misses the Net.
6:59 of 1st period - Andrew Peeke is hit by Nino Niederreiter.
7:18 of 1st period - Jamie Oleksiak is hit by Zach Parise and loses puck.
7:35 of 1st period - Anthony Cirelli is hit by Josh Anderson and loses puck.
7:57 of 1st period - Nino Niederreiter is hit by Vincent Trocheck and loses puck.
8:14 of 1st period - Backhand shot by Ross Colton.
8:14 of 1st period - Shot Misses the Net.
8:20 of 1st period - Wrist shot by Ilya Mikheyev.
8:20 of 1st period - Stopped by Antti Raanta with a rebound.
8:44 of 1st period - Josh Anderson is hit by Patrick Brown and loses puck.
8:53 of 1st period - Jamie Oleksiak is hit by Josh Anderson and loses puck.
9:17 of 1st period - Gustav Forsling is hit by J.J. Moser and loses puck.
9:28 of 1st period - Snap shot by Kevin Labanc.
9:28 of 1st period - Stopped by Thatcher Demko without a rebound.
9:29 of 1st period - Vincent Trocheck wins face-off versus Andrew Copp in Avalanche zone.
9:30 of 1st period - Wrist shot by Teuvo Teravainen.
9:30 of 1st period - Stopped by Thatcher Demko with a rebound.
10:04 of 1st period - Snap shot by Joshua Norris.
10:04 of 1st period - Stopped by Thatcher Demko with a rebound.
10:34 of 1st period - Wrist shot by Ivan Barbashev.
10:34 of 1st period - Stopped by Antti Raanta with a rebound.
10:56 of 1st period - Snap shot by Adam Henrique.
10:56 of 1st period - Deflect By Brayden Point.
10:56 of 1st period - Shot Misses the Net.
10:56 of 1st period - Puck is out of play.
10:57 of 1st period - Joshua Norris wins face-off versus Adam Henrique in Panthers zone.
11:08 of 1st period - Wrist shot by Joshua Norris.
11:08 of 1st period - Shot Misses the Net.
12:13 of 1st period - Slapshot by Brayden Point.
12:13 of 1st period - Shot Blocked by Jamie Oleksiak.
12:15 of 1st period - Snap shot by Adam Henrique.
12:15 of 1st period - Stopped by Antti Raanta with a rebound.
12:17 of 1st period - Snap shot by Josh Anderson.
12:17 of 1st period - Stopped by Antti Raanta without a rebound.
12:18 of 1st period - Vincent Trocheck wins face-off versus Andrew Copp in Panthers zone.
12:49 of 1st period - Wrist shot by Anthony Cirelli.
12:49 of 1st period - Stopped by Thatcher Demko with a rebound.
12:51 of 1st period - Wrist shot by Andrew Peeke.
12:51 of 1st period - Stopped by Thatcher Demko without a rebound.
12:52 of 1st period - Andrew Copp wins face-off versus Ross Colton in Avalanche zone.
12:59 of 1st period - Wrist shot by Andrew Copp.
12:59 of 1st period - Deflect By Zach Parise.
12:59 of 1st period - Stopped by Antti Raanta with a rebound.
13:23 of 1st period - Snap shot by Adam Henrique.
13:23 of 1st period - Shot Hit the Post.
13:25 of 1st period - Slapshot by Samuel Girard.
13:25 of 1st period - Deflect By Joshua Norris.
13:25 of 1st period - Stopped by Antti Raanta with a rebound.
14:01 of 1st period - Mathieu Joseph is hit by Marcus Foligno.
14:02 of 1st period - Icing by Mathieu Joseph.
14:03 of 1st period - Ross Colton wins face-off versus Juuso Parssinen in Avalanche zone.
14:04 of 1st period - Slapshot by Michael Matheson.
14:04 of 1st period - Deflect By Jake Sanderson.
14:04 of 1st period - Stopped by Thatcher Demko with a rebound.
14:12 of 1st period - Snap shot by Ross Colton.
14:12 of 1st period - Shot Misses the Net.
14:18 of 1st period - Slapshot by Michael Matheson.
14:18 of 1st period - Stopped by Thatcher Demko with a rebound.
14:32 of 1st period - Snap shot by Brayden Point.
14:32 of 1st period - Shot Misses the Net.
14:34 of 1st period - Slapshot by Gustav Forsling.
14:34 of 1st period - Shot Blocked by Vincent Trocheck.
14:36 of 1st period - Slapshot by Gustav Forsling.
14:36 of 1st period - Shot Misses the Net.
14:38 of 1st period - Snap shot by Brayden Point.
14:38 of 1st period - Stopped by Antti Raanta without a rebound.
14:39 of 1st period - Andrew Copp wins face-off versus Joshua Norris in Panthers zone.
14:40 of 1st period - Snap shot by Ivan Barbashev.
14:40 of 1st period - Stopped by Antti Raanta with a rebound.
14:50 of 1st period - Slapshot by Ivan Barbashev.
14:50 of 1st period - Stopped by Antti Raanta with a rebound.
15:15 of 1st period - Slapshot by Tyson Barrie.
15:15 of 1st period - Deflect By Brayden Point.
15:15 of 1st period - Stopped by Thatcher Demko with a rebound.
16:06 of 1st period - Ivan Barbashev is hit by Anthony Cirelli and loses puck.
16:29 of 1st period - Ross Colton is hit by Matt Roy and loses puck.
16:54 of 1st period - Wrist shot by Nicolas Roy.
16:54 of 1st period - Stopped by Antti Raanta with a rebound.
17:14 of 1st period - Zach Parise is hit by Joshua Norris and loses puck.
17:31 of 1st period - Andrew Peeke is hit by Josh Anderson and loses puck.
17:50 of 1st period - Snap shot by Nicolas Roy.
17:50 of 1st period - Stopped by Antti Raanta without a rebound.
17:51 of 1st period - Patrick Brown wins face-off versus Nicolas Roy in Panthers zone.
17:51 of 1st period - Patrick Brown is hit by Nicolas Roy.
17:59 of 1st period - Snap shot by Tyson Barrie.
17:59 of 1st period - Shot Misses the Net.
18:59 of 1st period - Teuvo Teravainen is hit by Ivan Barbashev and loses puck.
19:17 of 1st period - Slapshot by Ivan Barbashev.
19:17 of 1st period - Goal by Ivan Barbashev - Panthers : 0 - Avalanche : 2.
19:18 of 1st period - Adam Henrique wins face-off versus Joshua Norris in neutral zone.
19:21 of 1st period - Michael Matheson is hit by Josh Anderson and loses puck.
19:26 of 1st period - Slapshot by Brayden Point.
19:26 of 1st period - Deflect By Mike Hoffman.
19:26 of 1st period - Stopped by Antti Raanta with a rebound.
19:28 of 1st period - Wrist shot by Brayden Point.
19:28 of 1st period - Shot Misses the Net.
19:30 of 1st period - Backhand shot by Ryan McDonagh.
19:30 of 1st period - Stopped by Antti Raanta with a rebound.
19:32 of 1st period - Snap shot by Josh Anderson.
19:32 of 1st period - Shot Misses the Net.
Goals for this period are 0 for Panthers vs 2 for Avalanche.
Shots for this period are 8 for Panthers vs 18 for Avalanche.

2nd period


0:01 of 2nd period - Joshua Norris wins face-off versus Adam Henrique in neutral zone.
0:39 of 2nd period - Wrist shot by Nino Niederreiter.
0:39 of 2nd period - Stopped by Antti Raanta without a rebound.
0:40 of 2nd period - Andrew Copp wins face-off versus Joshua Norris in Panthers zone.
0:47 of 2nd period - Slapshot by Ivan Barbashev.
0:47 of 2nd period - Stopped by Antti Raanta without a rebound.
0:48 of 2nd period - Andrew Copp wins face-off versus Anthony Cirelli in Panthers zone.
0:55 of 2nd period - Snap shot by Andrew Copp.
0:55 of 2nd period - Deflect By Ivan Barbashev.
0:55 of 2nd period - Stopped by Antti Raanta without a rebound.
0:56 of 2nd period - Vincent Trocheck wins face-off versus Brayden Point in Panthers zone.
0:56 of 2nd period - Vincent Trocheck is hit by Gustav Forsling.
1:42 of 2nd period - Wrist shot by Marcus Foligno.
1:42 of 2nd period - Shot Blocked by Nino Niederreiter.
1:44 of 2nd period - Slapshot by Andrew Peeke.
1:44 of 2nd period - Stopped by Thatcher Demko without a rebound.
1:45 of 2nd period - Nicolas Roy wins face-off versus Marcus Foligno in Avalanche zone.
2:10 of 2nd period - Ilya Mikheyev is hit by Jonas Siegenthaler and loses puck.
2:28 of 2nd period - Off-side.
2:29 of 2nd period - Vincent Trocheck wins face-off versus Adam Henrique in neutral zone.
2:36 of 2nd period - Wrist shot by Taylor Hall.
2:36 of 2nd period - Stopped by Thatcher Demko with a rebound.
2:54 of 2nd period - Garnet Hathaway is hit by Jake Sanderson and loses puck.
4:04 of 2nd period - Wrist shot by Ilya Mikheyev.
4:04 of 2nd period - Deflect By Nicolas Roy.
4:04 of 2nd period - Stopped by Antti Raanta with a rebound.
4:20 of 2nd period - Snap shot by Ross Colton.
4:20 of 2nd period - Shot Blocked by Ivan Barbashev.
4:22 of 2nd period - Slapshot by Marcus Foligno.
4:22 of 2nd period - Stopped by Thatcher Demko without a rebound.
4:23 of 2nd period - Vincent Trocheck wins face-off versus Adam Henrique in Avalanche zone.
4:24 of 2nd period - Snap shot by Taylor Hall.
4:24 of 2nd period - Stopped by Thatcher Demko with a rebound.
4:55 of 2nd period - Anthony Cirelli is hit by Nicolas Roy and loses puck.
5:12 of 2nd period - Slapshot by Marcus Foligno.
5:12 of 2nd period - Shot Blocked by Jake Sanderson.
5:35 of 2nd period - Matt Roy is hit by Patrick Brown and loses puck.
5:59 of 2nd period - Snap shot by Adam Henrique.
5:59 of 2nd period - Shot Misses the Net.
7:14 of 2nd period - Off-side.
7:15 of 2nd period - Patrick Brown wins face-off versus Adam Henrique in neutral zone.
7:24 of 2nd period - Snap shot by Adam Henrique.
7:24 of 2nd period - Stopped by Antti Raanta without a rebound.
7:25 of 2nd period - Adam Henrique wins face-off versus Ross Colton in Panthers zone.
7:40 of 2nd period - Wrist shot by Ross Colton.
7:40 of 2nd period - Shot Misses the Net.
7:58 of 2nd period - Slapshot by Teuvo Teravainen.
7:58 of 2nd period - Stopped by Thatcher Demko with a rebound.
8:00 of 2nd period - Slapshot by Tyson Barrie.
8:00 of 2nd period - Deflect By Vincent Trocheck.
8:00 of 2nd period - Stopped by Thatcher Demko with a rebound.
8:54 of 2nd period - Gustav Forsling is hit by Marcus Foligno and loses puck.
9:05 of 2nd period - Adam Henrique is hit by Andrew Peeke.
9:23 of 2nd period - Wrist shot by Ivan Barbashev.
9:23 of 2nd period - Shot Misses the Net.
9:25 of 2nd period - Wrist shot by Zach Parise.
9:25 of 2nd period - Shot Blocked by Jonas Siegenthaler.
10:04 of 2nd period - Snap shot by Rocco Grimaldi.
10:04 of 2nd period - Shot Blocked by Gustav Nyquist.
10:44 of 2nd period - Wrist shot by Andrew Copp.
10:44 of 2nd period - Stopped by Antti Raanta with a rebound.
11:01 of 2nd period - Andrew Copp is hit by Mike Hoffman and loses puck.
11:10 of 2nd period - Slapshot by Joshua Norris.
11:10 of 2nd period - Stopped by Thatcher Demko with a rebound.
11:35 of 2nd period - Jonas Siegenthaler is hit by Jake Sanderson and loses puck.
11:43 of 2nd period - Icing by J.J. Moser.
11:44 of 2nd period - Adam Henrique wins face-off versus Patrick Brown in Panthers zone.
11:59 of 2nd period - Snap shot by Kevin Labanc.
11:59 of 2nd period - Deflect By Brayden Point.
11:59 of 2nd period - Shot Blocked by Adam Henrique.
11:59 of 2nd period - Puck is out of play.
12:00 of 2nd period - Andrew Copp wins face-off versus Ross Colton in Avalanche zone.
12:32 of 2nd period - Snap shot by Mike Hoffman.
12:32 of 2nd period - Shot Misses the Net.
12:41 of 2nd period - Off-side.
12:42 of 2nd period - Vincent Trocheck wins face-off versus Nicolas Roy in neutral zone.
13:07 of 2nd period - Andrew Peeke is hit by Jake Sanderson and loses puck.
13:32 of 2nd period - Snap shot by Mike Hoffman.
13:32 of 2nd period - Shot Misses the Net.
14:00 of 2nd period - Ryan McDonagh is hit by Teuvo Teravainen and loses puck.
14:38 of 2nd period - Wrist shot by Marcus Foligno.
14:38 of 2nd period - Shot Misses the Net.
14:48 of 2nd period - Wrist shot by Marcus Foligno.
14:48 of 2nd period - Stopped by Thatcher Demko with a rebound.
15:08 of 2nd period - Wrist shot by Ilya Mikheyev.
15:08 of 2nd period - Deflect By Nino Niederreiter.
15:08 of 2nd period - Stopped by Antti Raanta with a rebound.
15:10 of 2nd period - Wrist shot by Nino Niederreiter.
15:10 of 2nd period - Shot Blocked by Joshua Norris.
15:55 of 2nd period - Wrist shot by Marcus Foligno.
15:55 of 2nd period - Shot Misses the Net.
15:57 of 2nd period - Snap shot by Garnet Hathaway.
15:57 of 2nd period - Stopped by Thatcher Demko without a rebound.
15:58 of 2nd period - Ross Colton wins face-off versus Nicolas Roy in Avalanche zone.
16:03 of 2nd period - Snap shot by Marcus Foligno.
16:03 of 2nd period - Goal by Marcus Foligno - Panthers : 1 - Avalanche : 2.
16:04 of 2nd period - Adam Henrique wins face-off versus Joshua Norris in neutral zone.
16:07 of 2nd period - Joshua Norris is hit by Gustav Forsling.
16:29 of 2nd period - Andrew Peeke is hit by Ivan Barbashev and loses puck.
16:42 of 2nd period - Snap shot by Andrew Copp.
16:42 of 2nd period - Stopped by Antti Raanta without a rebound.
16:43 of 2nd period - Nicolas Roy wins face-off versus Vincent Trocheck in Panthers zone.
16:50 of 2nd period - Wrist shot by Ilya Mikheyev.
16:50 of 2nd period - Shot Misses the Net.
16:52 of 2nd period - Wrist shot by Nicolas Roy.
16:52 of 2nd period - Shot Misses the Net.
16:54 of 2nd period - Slapshot by Ilya Mikheyev.
16:54 of 2nd period - Shot Misses the Net.
16:56 of 2nd period - Snap shot by Nicolas Roy.
16:56 of 2nd period - Shot Misses the Net.
17:08 of 2nd period - Taylor Hall is hit by Ivan Barbashev and loses puck.
17:31 of 2nd period - Gustav Forsling is hit by Mike Hoffman and loses puck.
17:56 of 2nd period - Wrist shot by Ross Colton.
17:56 of 2nd period - Stopped by Thatcher Demko with a rebound.
18:22 of 2nd period - Snap shot by Kevin Labanc.
18:22 of 2nd period - Stopped by Thatcher Demko with a rebound.
18:24 of 2nd period - Snap shot by Patrick Brown.
18:24 of 2nd period - Stopped by Thatcher Demko without a rebound.
18:25 of 2nd period - Adam Henrique wins face-off versus Anthony Cirelli in Avalanche zone.
18:25 of 2nd period - Adam Henrique is hit by Mike Hoffman.
19:26 of 2nd period - Juuso Parssinen is hit by Vincent Trocheck and loses puck.
19:43 of 2nd period - Slapshot by Tyson Barrie.
19:43 of 2nd period - Stopped by Thatcher Demko with a rebound.
19:48 of 2nd period - Off-side.
19:49 of 2nd period - Adam Henrique wins face-off versus Joshua Norris in neutral zone.
Goals for this period are 1 for Panthers vs 0 for Avalanche.
Shots for this period are 14 for Panthers vs 8 for Avalanche.

3rd period


0:01 of 3rd period - Adam Henrique wins face-off versus Mike Hoffman in neutral zone.
0:26 of 3rd period - Ivan Barbashev is hit by Ross Colton and loses puck.
0:37 of 3rd period - Snap shot by Garnet Hathaway.
0:37 of 3rd period - Stopped by Thatcher Demko with a rebound.
0:39 of 3rd period - Snap shot by Tyson Barrie.
0:39 of 3rd period - Deflect By Ross Colton.
0:39 of 3rd period - Shot Blocked by Gustav Forsling.
0:39 of 3rd period - Puck is out of play.
0:40 of 3rd period - Nicolas Roy wins face-off versus Vincent Trocheck in Avalanche zone.
1:52 of 3rd period - Snap shot by Teuvo Teravainen.
1:52 of 3rd period - Stopped by Thatcher Demko with a rebound.
1:54 of 3rd period - Snap shot by Andrew Peeke.
1:54 of 3rd period - Stopped by Thatcher Demko with a rebound.
1:56 of 3rd period - Wrist shot by Teuvo Teravainen.
1:56 of 3rd period - Stopped by Thatcher Demko with a rebound.
2:32 of 3rd period - Adam Henrique is hit by Garnet Hathaway and loses puck.
2:55 of 3rd period - Gustav Forsling is hit by Mike Hoffman and loses puck.
3:37 of 3rd period - Gustav Nyquist is hit by Jamie Oleksiak and loses puck.
3:57 of 3rd period - Sean Durzi is hit by Garnet Hathaway and loses puck.
4:37 of 3rd period - Snap shot by Brayden Point.
4:37 of 3rd period - Shot Blocked by Jamie Oleksiak.
4:49 of 3rd period - Andrew Copp is hit by Tyson Barrie and loses puck.
4:58 of 3rd period - Slapshot by Jake Sanderson.
4:58 of 3rd period - Deflect By Ivan Barbashev.
4:58 of 3rd period - Shot Blocked by Tyson Barrie.
4:58 of 3rd period - Puck is out of play.
4:59 of 3rd period - Ross Colton wins face-off versus Nicolas Roy in Panthers zone.
5:08 of 3rd period - Wrist shot by Ilya Mikheyev.
5:08 of 3rd period - Shot Misses the Net.
5:10 of 3rd period - Wrist shot by Nicolas Roy.
5:10 of 3rd period - Shot Misses the Net.
5:24 of 3rd period - Zach Parise is hit by Andrew Peeke and loses puck.
5:33 of 3rd period - Joshua Norris is hit by Andrew Copp and loses puck.
6:04 of 3rd period - Teuvo Teravainen is hit by Matt Roy.
7:34 of 3rd period - Vincent Trocheck is hit by Ryan McDonagh and loses puck.
7:47 of 3rd period - Gustav Nyquist is hit by Patrick Brown and loses puck.
8:24 of 3rd period - J.J. Moser is hit by Ilya Mikheyev and loses puck.
8:43 of 3rd period - Mathieu Joseph is hit by Jonas Siegenthaler and loses puck.
8:55 of 3rd period - Minor Penalty to Jamie Oleksiak for Holding.
8:56 of 3rd period - Adam Henrique wins face-off versus Vincent Trocheck in Panthers zone.
9:06 of 3rd period - Wrist shot by Adam Henrique.
9:06 of 3rd period - Shot Misses the Net.
9:08 of 3rd period - Snap shot by Brayden Point.
9:08 of 3rd period - Shot Misses the Net.
9:10 of 3rd period - Slapshot by Gustav Forsling.
9:10 of 3rd period - Deflect By Anthony Cirelli.
9:10 of 3rd period - Goal by Gustav Forsling - Panthers : 1 - Avalanche : 3.
9:11 of 3rd period - Andrew Copp wins face-off versus Ross Colton in neutral zone.
9:36 of 3rd period - Jonas Siegenthaler is hit by Jake Sanderson and loses puck.
10:39 of 3rd period - Andrew Copp is hit by Garnet Hathaway.
11:13 of 3rd period - Wrist shot by Joshua Norris.
11:13 of 3rd period - Shot Misses the Net.
11:19 of 3rd period - Minor Penalty to Nicolas Roy for Delaying the game.
11:20 of 3rd period - Vincent Trocheck wins face-off versus Andrew Copp in Avalanche zone.
11:29 of 3rd period - Slapshot by Taylor Hall.
11:29 of 3rd period - Stopped by Thatcher Demko with a rebound.
11:31 of 3rd period - Wrist shot by Taylor Hall.
11:31 of 3rd period - Stopped by Thatcher Demko with a rebound.
11:33 of 3rd period - Snap shot by Vincent Trocheck.
11:33 of 3rd period - Goal by Vincent Trocheck - Panthers : 2 - Avalanche : 3.
11:34 of 3rd period - Ross Colton wins face-off versus Adam Henrique in neutral zone.
12:38 of 3rd period - Wrist shot by Taylor Hall.
12:38 of 3rd period - Shot Misses the Net.
12:58 of 3rd period - J.J. Moser is hit by Matt Roy and loses puck.
13:17 of 3rd period - Snap shot by Ivan Barbashev.
13:17 of 3rd period - Stopped by Antti Raanta with a rebound.
13:19 of 3rd period - Snap shot by Zach Parise.
13:19 of 3rd period - Shot Blocked by J.J. Moser.
13:59 of 3rd period - Wrist shot by Anthony Cirelli.
13:59 of 3rd period - Stopped by Thatcher Demko with a rebound.
14:01 of 3rd period - Slapshot by Jamie Oleksiak.
14:01 of 3rd period - Shot Misses the Net.
14:03 of 3rd period - Wrist shot by Taylor Hall.
14:03 of 3rd period - Shot Blocked by Nino Niederreiter.
14:05 of 3rd period - Wrist shot by Taylor Hall.
14:05 of 3rd period - Deflect By Teuvo Teravainen.
14:05 of 3rd period - Stopped by Thatcher Demko with a rebound.
14:19 of 3rd period - Wrist shot by Andrew Copp.
14:19 of 3rd period - Stopped by Antti Raanta without a rebound.
14:20 of 3rd period - Andrew Copp wins face-off versus Patrick Brown in Panthers zone.
14:27 of 3rd period - Wrist shot by Ivan Barbashev.
14:27 of 3rd period - Stopped by Antti Raanta without a rebound.
14:28 of 3rd period - Ross Colton wins face-off versus Adam Henrique in Panthers zone.
14:28 of 3rd period - Ross Colton is hit by Brayden Point.
14:31 of 3rd period - Icing by Michael Matheson.
14:32 of 3rd period - Adam Henrique wins face-off versus Ross Colton in Panthers zone.
14:39 of 3rd period - Slapshot by Adam Henrique.
14:39 of 3rd period - Deflect By Brayden Point.
14:39 of 3rd period - Shot Misses the Net.
14:39 of 3rd period - Puck is out of play.
14:40 of 3rd period - Andrew Copp wins face-off versus Joshua Norris in Panthers zone.
14:51 of 3rd period - Snap shot by Anthony Cirelli.
14:51 of 3rd period - Stopped by Thatcher Demko with a rebound.
14:53 of 3rd period - Slapshot by Michael Matheson.
14:53 of 3rd period - Stopped by Thatcher Demko without a rebound.
14:54 of 3rd period - Vincent Trocheck wins face-off versus Adam Henrique in Avalanche zone.
14:55 of 3rd period - Snap shot by Teuvo Teravainen.
14:55 of 3rd period - Stopped by Thatcher Demko without a rebound.
14:56 of 3rd period - Vincent Trocheck wins face-off versus Adam Henrique in Avalanche zone.
14:57 of 3rd period - Slapshot by Teuvo Teravainen.
14:57 of 3rd period - Shot Blocked by Ryan McDonagh.
14:59 of 3rd period - Snap shot by Taylor Hall.
14:59 of 3rd period - Goal by Taylor Hall - Panthers : 3 - Avalanche : 3.
15:00 of 3rd period - Vincent Trocheck wins face-off versus Adam Henrique in neutral zone.
15:02 of 3rd period - Off-side.
15:03 of 3rd period - Vincent Trocheck wins face-off versus Adam Henrique in neutral zone.
15:08 of 3rd period - Slapshot by Michael Matheson.
15:08 of 3rd period - Stopped by Thatcher Demko with a rebound.
15:56 of 3rd period - Slapshot by Mike Hoffman.
15:56 of 3rd period - Shot Misses the Net.
15:58 of 3rd period - Snap shot by Joshua Norris.
15:58 of 3rd period - Shot Misses the Net.
16:00 of 3rd period - Slapshot by Michael Matheson.
16:00 of 3rd period - Stopped by Thatcher Demko without a rebound.
16:01 of 3rd period - Vincent Trocheck wins face-off versus Adam Henrique in Avalanche zone.
16:02 of 3rd period - Wrist shot by Taylor Hall.
16:02 of 3rd period - Stopped by Thatcher Demko with a rebound.
16:04 of 3rd period - Wrist shot by Taylor Hall.
16:04 of 3rd period - Shot Misses the Net.
16:47 of 3rd period - Snap shot by Andrew Copp.
16:47 of 3rd period - Stopped by Antti Raanta with a rebound.
17:23 of 3rd period - Andrew Copp is hit by Rocco Grimaldi and loses puck.
17:38 of 3rd period - Sean Durzi is hit by Ross Colton and loses puck.
18:11 of 3rd period - Wrist shot by Nicolas Roy.
18:11 of 3rd period - Shot Misses the Net.
Goals for this period are 2 for Panthers vs 1 for Avalanche.
Shots for this period are 16 for Panthers vs 5 for Avalanche.

Overtime #1


0:01 of 1st overtime period - Brayden Point wins face-off versus Vincent Trocheck in neutral zone.
0:16 of 1st overtime period - Snap shot by Vincent Trocheck.
0:16 of 1st overtime period - Shot Misses the Net.
0:45 of 1st overtime period - Off-side.
0:46 of 1st overtime period - Vincent Trocheck wins face-off versus Nino Niederreiter in neutral zone.
1:27 of 1st overtime period - Slapshot by Jamie Oleksiak.
1:27 of 1st overtime period - Deflect By Nicolas Roy.
1:27 of 1st overtime period - Stopped by Thatcher Demko without a rebound.
1:28 of 1st overtime period - Vincent Trocheck wins face-off versus Brayden Point in Avalanche zone.
1:29 of 1st overtime period - Slapshot by Joshua Norris.
1:29 of 1st overtime period - Goal by Joshua Norris - Panthers : 4 - Avalanche : 3.
Goals for this period are 1 for Panthers vs 0 for Avalanche.
Shots for this period are 2 for Panthers vs 0 for Avalanche.